 Dungeon Sprint DCSS version 0.22-a0-479-gc6e99f3 (webtiles) character file.

53 galech the Skirmisher (level 3, -9/45 HPs)
             Began as an Ogre Berserker on June 14, 2018.
             Was a Believer of Trog.
             Mangled by a water elemental (19 damage)
             ... in the Dungeon (Sprint III: "The Ten Rune Challenge").
             The game lasted 00:00:54 (504 turns).

galech the Skirmisher (Ogre Berserker)               Turns: 504, Time: 00:00:56

Health: -9/45      AC:  4    Str: 22    XL:     3   Next: 87%
Magic:  3/3        EV: 11    Int:  8    God:    Trog [**....]
Gold:   18         SH:  0    Dex:  8    Spells: 2/2 levels left

rFire    . . .     SeeInvis .   a - +0 mace
rCold    . . .     Gourm    .   (no shield)
rNeg     . . .     Faith    .   b - +0 animal skin
rPois    .         Spirit   .   (helmet restricted)
rElec    .         Reflect  .   j - +0 cloak
rCorr    .         Harm     .   (gloves unavailable)
MR       .....     NoTele   +   (boots unavailable)
Stlth    +.........             (no amulet)
HPRegen  0.15/turn              (no ring)
MPRegen  0.08/turn              (no ring)

@: engulfed (cannot breathe)
A: large, unfitting armour, tough skin 1
a: Berserk, Trog's Hand, Renounce Religion


You were in the Dungeon.
You worshipped Trog.
Trog was pleased with you.
You were not hungry.

You visited 1 branch You collected 18 gold pieces.

Inventory:

Hand Weapons
 a - a +0 mace (weapon)
Armour
 b - a +0 animal skin (worn)
 j - a +0 cloak (worn)
Scrolls
 i - a scroll of blinking
 l - 2 scrolls of holy word {unknown}
 m - 3 scrolls of identify
 n - 2 scrolls of remove curse
 q - a scroll of magic mapping {unknown}
Potions
 d - a potion of curing
 e - a potion of heal wounds
 f - 2 potions of haste
 g - 2 potions of magic
 h - a potion of berserk rage
 k - 3 potions of mutation {unknown}
 o - a potion of degeneration {unknown}
 p - 2 potions of flight
Comestibles
 c - 4 rations


   Skills:
 + Level 6.9 Fighting
 + Level 4.7 Maces & Flails
 + Level 4.3 Dodging
 + Level 0.2 Stealth


You had 2 spell levels left.
You didn't know any spells.
Your spell library was empty.

Dungeon Overview and Level Annotations

Branches:
Dungeon (1/1)

Altars:


Innate Abilities, Weirdness & Mutations

You are too large for most types of armour.
You have tough skin. (AC +1)


Message History

You start resting.
You start resting.
HP restored.
You enter the shallow water.
Moving in this stuff is going to be slow.
You see here a quarterstaff of chaos.
You open the door.
A water elemental comes into view.
The water elemental hits you!
There is an open door to the Ecumenical Temple, spattered with blood here.
You hit the water elemental but do no damage.
The water elemental hits you.
The water elemental engulfs you in water!
You hit the water elemental.
The water elemental is lightly damaged.
Your lungs strain for air!
The water elemental hits you!
* * * LOW HITPOINT WARNING * * *
The water elemental hits you!!
You die...

▓▓▓▓▓▓▓▓▓ ▓▓▓
.#..'...♣♣♣♣ ♣.#
.#..#....♣.♣ ♣♣.#
'####.....♣♣ ♣..#
....#....≈.♣♣♣♣.###+#+##
....#...≈≈♣♣♣.♣.#.......
...)#..≈≈≈)♣.♣..@.⌠.....
###'#..≈≈≈≈≈≈.♣.#E..####
....#.≈≈≈≈≈≈....#.⌠.#
....#.≈≈≈≈≈.....#...#
....#.≈≈≈.......#+###
#####...........#
................#
▓▓▓▓▓▓▓▓▓▓▓▓▓▓▓▓▓


You could see a water elemental.

Vanquished Creatures
  Crazy Yiuf (D)
  A human (D)
  An ooze (D)
  3 rats (D)
6 creatures vanquished.

Vanquished Creatures (others)
  2 draconian scorchers (D)
  A yaktaur (D)
  6 hellions (D)
  3 plants (D)
12 creatures vanquished.

Grand Total: 18 creatures vanquished

Notes
Turn   | Place    | Note
-------+----------+-------------------------------------------
     0 | D        | galech the Ogre Berserker began the quest for the Orb.
     0 | D        | Reached XP level 1. HP: 24/24 MP: 1/1
    32 | D        | Killed a yaktaur
    39 | D        | Reached ** piety under Trog
    40 | D        | Reached skill level 5 in Fighting
    40 | D        | Reached XP level 2. HP: 23/35 MP: 2/2
   137 | D        | Killed a hellion
   138 | D        | Killed a hellion
   146 | D        | Killed a hellion
   177 | D        | Killed a white draconian scorcher
   200 | D        | Killed a white draconian scorcher
   234 | D        | Reached XP level 3. HP: 39/44 MP: 3/3
   241 | D        | Killed a hellion
   241 | D        | Killed a hellion
   246 | D        | Killed a hellion
   257 | D        | Noticed Crazy Yiuf
   268 | D        | Killed Crazy Yiuf
   268 | D        | Reached skill level 6 in Fighting
   501 | D        | Noticed a water elemental
   504 | D        | Mangled by a water elemental

Vault maps used:
D:        dungeon_sprint_mu

Skill      XL: |  1  2  3 |
---------------+----------+-----
Maces & Flails | 3 4 |  4.7
Dodging        | 3 4 |  4.3
Fighting       | 5 6 |  6.9
Stealth        | |  0.2

Action                   || total
-------------------------++-------
Melee: Mace              ||    27
Invok: Berserk           ||     1
Armor: Animal skin       ||     3
Dodge: Dodged            ||    12

Table legend:
 A = Spawn XP
 B = Non-spawn XP
 C = Spawn XP percentage of total XP
 D = Spawn monster count
 E = Non-spawn monster count
 F = Spawn count percentage of total count
 G = Total turns spent on level
                    A         B        C        D         E        F      G
               +---------+---------+-------+---------+---------+-------+---------
         Total |       0 |      76 |   0.0 |       0 |       6 |   0.0 |   504
               +---------+---------+-------+---------+---------+-------+---------
             D |       0 |      76 |   0.0 |       0 |       6 |   0.0 |   504
               +---------+---------+-------+---------+---------+-------+---------
